Map: At Eternity's Edge LE

Players

clowN

  • Race: Zerg Zerg

A.I. 1 (Harder)

  • Race: Protoss Protoss

VOD

Have the link to the VOD?

Description

Time

  • Played on: Oct. 4, 2026, 5:54 p.m.
  • Length: 16:55
Show
View Real Time Build Order
Export as new Build Order

clowN Zerg 

Build Orders: Pool First 

Get SALT Encoding   

  8  0:00  Drone  
  9  0:11  Drone  
  10  0:16  Drone  
  11  0:27  Overlord  
  11  0:33  Drone  
  12  0:45  Drone  
  13  0:50  Drone  
  13  0:56  Drone  
  15  1:00  Extractor  
  14  1:07  Lair  
  14  1:09  Spawning Pool  
  13  1:12  Drone  
  14  1:42  Hatchery  
  14  1:46  Overlord  
  13  1:52  Drone x8  
  17  2:04  Unknown x2  
  17  2:08  Drone  
  9  2:19  Drone  
  10  2:24  Drone  
  11  2:35  Overlord  
  11  2:43  Drone  
  12  2:53  Drone  
  12  2:55  Drone  
  14  3:00  Extractor  
  14  3:02  Drone  
  14  3:08  Drone  
  15  3:19  Drone  
  16  3:28  Drone  
  17  3:37  Hatchery  
  17  3:40  Drone  
  17  3:48  Drone  
  18  3:57  Spawning Pool  
  18  4:00  Drone  
  18  4:11  Overlord  
  18  4:18  Drone  
  19  4:28  Drone  
  20  4:38  Drone  
  21  4:51  Drone x2  
  23  4:53  Hatchery  
  23  4:57  Drone  
  23  5:03  Drone  
  24  5:09  Drone  
  24  5:10  Drone, Extractor  
  25  5:15  Queen  
  27  5:24  Queen  
  27  5:27  Drone x2  
  31  5:39  Drone  
  31  5:41  Overlord x2  
  32  5:51  Lair  
  32  6:18  Drone x3  
  34  6:19  Drone x5  
  40  6:29  Drone x3  
  40  6:30  Drone x2  
  45  6:48  Hatchery  
  44  6:56  Hatchery  
  44  6:57  Drone x4  
  47  7:02  Drone  
  47  7:03  Drone x2  
  47  7:06  Overlord  
  50  7:10  Overlord  
  50  7:14  Pneumatized Carapace  
  50  7:42  Drone x3  
  50  7:43  Drone x6  
  59  7:50  Hatchery  
  58  8:15  Drone x7  
  58  8:16  Drone x4  
  58  8:18  Overlord x2  
  69  8:37  Extractor  
  68  8:46  Roach Warren  
  68  8:49  Roach Warren  
  68  8:54  Zergling x4  
  68  8:55  Zergling x16  
  75  8:56  Zergling x10  
  75  9:00  Zergling x2  
  83  9:06  Queen  
  83  9:07  Queen x2  
  89  9:10  Queen  
  91  9:20  Metabolic Boost  
  91  9:29  Glial Reconstitution  
  91  9:33  Roach x2  
  91  9:35  Overlord x6  
  91  9:36  Overlord x6  
  91  9:45  Roach  
  91  9:46  Roach x2  
  91  9:47  Roach  
  91  9:48  Roach  
  91  9:50  Roach  
  91  9:52  Roach  
  95  9:53  Roach  
  95  10:01  Roach x2  
  95  10:02  Roach x7  
  95  10:03  Roach x4  
  111  10:14  Roach x4  
  111  10:15  Roach x4  
  111  10:17  Roach  
  111  10:18  Roach  
  111  10:29  Roach x6  
  121  10:40  Roach x5  
  121  10:41  Roach  
  133  11:01  Spire  
  133  11:03  Evolution Chamber  
  131  11:08  Roach x7, Evolution Chamber  
  131  11:09  Roach x3  
  148  11:18  Extractor  
  129  11:20  Drone x3, Extractor  
  129  11:21  Roach x3  
  129  11:23  Roach  
  121  11:35  Queen  
  121  11:36  Queen  
  125  11:50  Zerg Missile Weapons Level 1  
  125  11:51  Zerg Ground Armor Level 1  
  101  12:03  Drone x3  
  106  12:08  Roach x2  
  106  12:09  Roach x6  
  106  12:11  Roach  
  106  12:13  Extractor  
  106  12:14  Drone  
  106  12:15  Drone x2, Extractor  
  123  12:32  Roach x6  
  123  12:33  Roach x6  
  147  12:42  Extractor  
  146  12:48  Roach x6  
  146  12:49  Roach x2  
  146  12:50  Roach  
  166  12:51  Roach  
  166  12:56  Drone  
  167  13:01  Drone  
  167  13:03  Roach x7  
  167  13:04  Roach  
  184  13:34  Drone x3  
  186  13:35  Roach  
  186  13:36  Roach  
  186  13:37  Overlord  
  186  13:38  Overlord  
  186  13:40  Overlord x3  
  185  13:54  Mutalisk x6  
  185  13:55  Mutalisk x4  
  187  13:57  Mutalisk  
  191  14:32  Mutalisk x4  
  189  15:56  Mutalisk x5  
Show
View Real Time Build Order
Export as new Build Order

A.I. 1 (Harder) Protoss 

Build Orders:  

Get SALT Encoding   

  8  0:00  Probe  
  9  0:13  Probe  
  10  0:25  Probe  
  11  0:37  Probe  
  12  0:47  Pylon  
  12  0:49  Probe  
  13  1:01  Probe  
  13  1:09  Gateway, Probe  
  15  1:19  Probe  
  16  1:31  Probe  
  17  1:42  Nexus  
  17  1:44  Probe  
  18  1:52  Probe x8  
  18  1:59  Pylon  
  20  2:04  Unknown x3  
  9  2:08  Probe  
  9  2:20  Probe  
  10  2:32  Probe  
  11  2:44  Probe  
  12  2:56  Probe  
  13  3:04  Pylon  
  13  3:18  Probe  
  14  3:30  Nexus  
  14  3:38  Assimilator  
  14  3:45  Pylon  
  14  3:54  Pylon  
  14  4:01  Assimilator  
  14  4:25  Gateway  
  14  5:14  Cybernetics Core  
  14  5:40  Probe  
  14  5:48  Probe  
  16  5:51  Probe  
  16  5:52  Stalker  
  16  5:54  Robotics Facility  
  19  6:02  Probe  
  20  6:08  Probe  
  21  6:14  Probe  
  21  6:17  Probe  
  22  6:25  Probe  
  23  6:26  Probe  
  25  6:36  Warp Gate  
  25  6:38  Probe  
  25  6:39  Probe  
  26  6:43  Immortal  
  26  6:46  Probe  
  31  6:51  Probe  
  33  6:54  Probe  
  34  7:03  Gateway, Zealot  
  36  7:23  Stalker  
  36  7:33  Immortal  
  38  7:42  Pylon  
  42  7:47  Forge  
  42  7:59  Sentry, Protoss Ground Armor Level 1  
  42  8:05  Gateway  
  46  8:28  Zealot  
  46  8:30  Zealot  
  47  8:42  Pylon  
  47  8:46  Stalker  
  49  9:02  Sentry  
  51  9:12  Immortal, Pylon  
  55  9:21  Stalker  
  55  9:23  Gateway  
  57  9:30  Stalker  
  59  9:33  Robotics Facility  
  59  9:40  Stargate  
  58  9:48  Observer  
  58  9:50  Protoss Ground Weapons Level 1  
  55  9:59  Observer  
  54  10:14  Sentry  
  52  10:15  Gateway  
  52  10:17  Void Ray  
  54  10:46  Stargate  
  54  10:47  Warp Prism  
  56  11:04  Warp Prism  
  56  11:10  Stalker  
  56  11:11  Zealot, Stalker  
  64  11:13  Zealot  
  60  11:22  Sentry  
  62  11:51  Warp Prism  
  60  11:55  Stargate  
  60  12:08  Sentry  
  64  12:19  Photon Cannon  
  64  12:23  Photon Cannon  
  64  12:52  Robotics Bay  
  64  12:54  Pylon  
  64  13:12  Twilight Council  
  64  13:15  Pylon  
  64  13:28  Colossus  
  64  13:39  Zealot  
  66  13:48  Zealot  
  48  14:12  Templar Archives  
  48  14:43  Zealot  
  50  14:47  High Templar  
  52  14:53  Zealot  
  54  15:05  High Templar  
  56  15:10  Archon  
  56  15:18  Zealot  
  56  15:19  Zealot  
  56  15:20  Zealot  
  52  15:23  Zealot  
  40  15:33  Zealot  
  36  15:38  High Templar, Pylon  
  36  15:41  Zealot  
  35  15:47  Pylon  
  26  15:55  Probe  
  6  16:02  Pylon  
Tags
 
Add a new tag
Caveats
  • Supply blocks, unpowered buildings, or Contaminate may cause inaccurate times.
  • Supply counts are checked every 10 seconds.